 Dungeon Crawl Stone Soup version 0.29-a0-275-g389c0b56f3 (webtiles) character file.

Game seed: 212386121817617055

147 spaghetti the Vexing (level 5, 0/38 HPs)
             Began as a Demonspawn Arcane Marksman on Mar 10, 2022.
             Slain by an orc
             ... wielding a +0 trident
              (8 damage)
             ... on level 3 of the Dungeon.
             The game lasted 00:03:14 (2105 turns).

spaghetti the Vexing (Demonspawn Arcane Marksman)   Turns: 2105, Time: 00:03:15

Health: 0/38       AC:  3    Str: 13    XL:     5   Next: 7%
Magic:  4/6        EV: 16    Int: 14    God:
Gold:   172        SH:  0    Dex: 13    Spells: 2/6 levels left

rFire   . . .      SeeInvis .   b - +2 hand axe (elec) {axe}
rCold   . . .      Faith    .   (no shield)
rNeg    . . .      Spirit   .   h - +0 robe
rPois   .          Reflect  .   (no helmet)
rElec   .          Harm     .   (no cloak)
rCorr   .          Rampage  .   (no gloves)
Will    .....                   (no boots)
Stlth   +.........              (no amulet)
HPRegen 0.12/turn               q - +4 ring of evasion
MPRegen 0.10/turn               (no ring)

@: no status effects
A: rugged brown scales 1, spiny 1
a: no special abilities


You were on level 3 of the Dungeon.
You visited 1 branch of the dungeon, and saw 3 of its levels.

You collected 172 gold pieces.


Innate Abilities, Weirdness & Mutations

You are partially covered in rugged brown scales. (AC +1, +3% HP)
You are partially covered in sharp spines.


   Skills:
 - Level 1.0 Fighting
 + Level 3.9 Bows
 - Level 1.7 Dodging
 - Level 1.0 Spellcasting
 + Level 4.2 Hexes


You had 2 spell levels left.
You knew the following spells:

 Your Spells              Type           Power      Damage    Failure   Level
a - Slow                  Hex            48%        N/A       4%          1
b - Inner Flame           Hex/Fire       6%         N/A       32%         3

Your spell library contained the following spells:

 Spells                   Type           Power      Damage    Failure   Level
 Beastly Appendage        Tmut           0%         N/A       26%         1
 Wereblood                Tmut           0%         N/A       36%         2
 Confusing Touch          Hex            12%        N/A       14%         3
 Portal Projectile        Hex/Tloc       12%        N/A       32%         3
 Cause Fear               Hex            6%         N/A       41%         4
 Call Canine Familiar     Summ           0%         N/A       61%         3
 Spider Form              Tmut/Pois      0%         N/A       61%         3
 Vampiric Draining        Necr           0%         2d6       61%         3
 Leda's Liquefaction      Hex/Erth       3%         N/A       73%         4
 Summon Mana Viper        Hex/Summ       6%         N/A       97%         5

Inventory:

Hand Weapons
 a - a +0 shortbow {bow}
 b - a +2 hand axe of electrocution (weapon) {axe}
   (You found it on level 1 of the Dungeon)
 s - a +0 lajatang {staff}
   (You found it on level 3 of the Dungeon)
Missiles
 g - 7 stones {throwing}
 l - 5 poisoned darts {throwing}
 p - 5 boomerangs {throwing}
Armour
 h - a +0 robe (worn)
Jewellery
 q - a +4 ring of evasion (left hand)
   (You found it on level 3 of the Dungeon)
Scrolls
 c - a scroll of vulnerability {!r!r}
 k - 2 scrolls of noise {!r}
 o - 2 scrolls of magic mapping {!r}
 r - a scroll of immolation {unknown}
 t - a scroll of identify {@r1}
Potions
 d - 2 potions of magic
 e - a potion of lignification {unknown}
 f - a potion of brilliance {unknown}
 i - a potion of invisibility {unknown}
 j - a potion of curing {unknown}
 m - a potion of resistance {unknown}
 n - a potion of degeneration {unknown}

Dungeon Overview and Level Annotations

Branches:
Dungeon (3/15)

Altars:

................... #.#
................... ..#
#................. #.###
..................
......
###...............
...... #
###.......#.....##......
# ###...### ##.........
#####..########........
#........##))@oo#......
#........##.##### .....
#...........# ..oo
#.......)#### ...
#.........)#### o.
#........#)...# #
###########.......
....... .......


You could see 2 orcs.


Message History

The orc shouts!
You hit the goblin.
You kill the goblin!
You hear a shout! x2; You hear an angry hiss.
An orc comes into view. It is wielding a +0 whip.
The orc is struck by your spines. The orc closely misses you.
You closely miss the orc.
The orc wizard mumbles some strange words.
The orc wizard flickers and vanishes!
Deactivating autopickup; reactivate with Ctrl-A.
You barely miss the orc.
You hit the orc wizard but do no damage.
The orc is struck by your spines. The orc hits you with a +0 whip.
The orc wizard is struck by your spines.
The orc wizard hits you with a +0 dagger. 😕 HP[-5]
You take 5 damage, and now have 27/32 hp.
You hit the orc.
You kill the orc!
You hit the orc wizard.
The orc wizard hits you but does no damage.
The orc closely misses you. The orc barely misses you.
The orc wizard closely misses you.
You hit the orc wizard. The orc misses you.
The orc wizard hits you with a +0 dagger. 😕 HP[-1]
You take 1 damage, and now have 26/32 hp.
You hit the orc wizard.
The orc wizard is struck by your spines.
You kill the orc wizard!
The orc closely misses you.
Your Hexes skill increases to level 4!
No target in range!
No target in range!
No target in range!
No target in range!
No target in range!
No target in range!
No target in range!
No target in range!
No target in range!
No target in range!
No target in range!
No target in range!
No target in range!
No target in range!
No target in range!
No target in range!
No target in range!
Unknown command.
No target in range!
Aiming: Slow (safe; 4% risk of failure)
Press: ? - help, Q - select action, (/) - cycle Shift-Dir - straight line, f - orc
Aim: an orc, wielding a +0 trident and wearing a +0 scale mail (chance to affect: 68%)
You miscast Slow.
You are very lightly contaminated with residual magic.
Nothing appears to happen.
The orc closely misses you. 😕 MP[-1]
You lost 1 mp, and now have 4/5 mp.
Aiming: Slow (safe; 4% risk of failure)
Press: ? - help, Q - select action, (/) - cycle Shift-Dir - straight line, f/p - orc
Aim: an orc, wielding a +0 trident and wearing a +0 scale mail (chance to affect: 68%)
The orc struggles to resist.
The orc barely misses you. 😕 MP[-1]
You lost 1 mp, and now have 3/5 mp.
Things that are here:
a +0 dagger {short}; a +0 robe; a +0 club {mace} You barely miss something.
The orc closely misses you.
You hit something. Something barely misses you. The orc barely misses you.
The orc hits you from afar with a +0 trident.
Something hits you. 😮 HP[-2]
You take 2 damage, and now have 24/32 hp.
You miss something. Something hits you.
The orc hits you from afar with a +0 trident.
* * * LOW HITPOINT WARNING * * *
Your magical contamination has completely faded away. 😨 HP[-9]
You take 9 damage, and now have 15/32 hp.
MASSIVE DAMAGE!! (PAUSE)
You hit something. Lightning courses through something!!
Reactivating autopickup.
You feel a bit more experienced. The orc closely misses you.
You have reached level 5! 😨 HP[+3]
You now have 38 max hp (+6).
You regained 3 hp, and now have 18/38 hp.
A ball python comes into view.
The orc hits you with a +0 trident.
* * * LOW HITPOINT WARNING * * *
Things that are here:
a +0 dagger {short}; a +0 robe; an orc corpse 😨 HP[-5]
You take 5 damage, and now have 13/38 hp.
You closely miss the orc. The orc hits you with a +0 trident.
* * * LOW HITPOINT WARNING * * *
The orc hits you with a +0 trident!
You die...

Skill      XL: |  1  2  3  4 |
---------------+-------------+-----
Bows           | 2 3 |  3.9
Hexes          | 4 |  4.2
Fighting       | |  1.0
Dodging        | |  1.7
Spellcasting   | |  1.0

Action                   |  1- 3 |  4- 6 || total
-------------------------+-------+-------++-------
Melee: Hand axe          |    21 |    26 ||    47
       Punch             |       |     1 ||     1
 Fire: Shortbow          |    84 |       ||    84
 Cast: Slow              |     2 |     1 ||     3
  Use: Scroll            |     6 |       ||     6
Armor: Robe              |    15 |     2 ||    17
Dodge: Dodged            |    45 |    27 ||    72

Levels and vault maps discovered:
D:1:      minmay_arrival_hallway, layout_loops_ring,
          chequers_ecumenical_altar_twisty
D:2:      layout_basic, nicolae_concentric_dashed_squares_wild,
          minmay_pentomino_o4
D:3:      layout_rooms, nicolae_hepliaklqana_hippocampus,
          nicolae_overflow_ecumenical_swirl

Notes
Turn   | Place    | Note
-------+----------+-------------------------------------------
     0 | D:1      | spaghetti the Demonspawn Arcane Marksman began the quest
                  | for the Orb.
     0 | D:1      | Reached XP level 1. HP: 15/15 MP: 2/2
     0 | D:1      | magus.rc [v1.9.6]
    90 | D:1      | Reached skill level 2 in Bows
   299 | D:1      | Gained mutation: You are partially covered in sharp spines.
                  | [demonic ancestry]
   299 | D:1      | Reached XP level 2. HP: 21/21 MP: 3/3
   382 | D:1      | Got the Guide on Enchantment
   706 | D:1      | Found a faded altar of an unknown god.
   778 | D:2      | Reached skill level 3 in Bows
   778 | D:2      | Gained mutation: You are partially covered in rugged brown
                  | scales. (AC +1, +3% HP) [demonic ancestry]
   778 | D:2      | Reached XP level 3. HP: 21/26 MP: 4/4
   796 | D:2      | You pick up a book of the Hunter and begin reading...
   796 | D:2      | You add the spells Call Canine Familiar and Leda's
                  | Liquefaction to your library.
   975 | D:2      | You pick up a book of Debilitation and begin reading...
   975 | D:2      | You add the spells Vampiric Draining and Confusing Touch to
                  | your library.
  1253 | D:2      | Learned a level 3 spell: Inner Flame
  1386 | D:2      | You pick up a book of Changes and begin reading...
  1386 | D:2      | You add the spells Beastly Appendage, Wereblood and Spider
                  | Form to your library.
  1733 | D:3      | Reached XP level 4. HP: 32/32 MP: 5/5
  1802 | D:3      | HP: 6/32 [frozen (3)]
  2097 | D:3      | Reached skill level 4 in Hexes
  2104 | D:3      | Reached XP level 5. HP: 18/38 MP: 3/6
  2105 | D:3      | HP: 8/38 [orc/+0 trident (5)]
  2105 | D:3      | Slain by an orc

Vanquished Creatures
  2 orc wizards (D:3)
  4 adders
  A dart slug (D:2)
  5 orcs (D:3)
  6 endoplasms
  4 giant cockroaches
  4 goblins
  5 hobgoblins
  5 kobolds
  3 quokkas (D:1)
  5 ball pythons
  6 bats
  4 frilled lizards
  4 rats
58 creatures vanquished.

Table legend:
 A = Non-vault XP
 B = Vault XP
 C = Vault XP percentage of total XP
 D = Non-vault monster count
 E = Vault monster count
 F = Vault count percentage of total count
                 A         B        C        D         E       F
            +---------+---------+-------+---------+---------+-------
      Total |     206 |       4 |   1.9 |      56 |       2 |   3.4
            +---------+---------+-------+---------+---------+-------
        D:1 |      39 |       0 |   0.0 |      25 |       0 |   0.0
        D:2 |      34 |       4 |  10.5 |      14 |       2 |  12.5
        D:3 |     133 |       0 |   0.0 |      17 |       0 |   0.0
            +---------+---------+-------+---------+---------+-------

Illustrated notes

Table legend:
 A = Kills in this place as a percentage of kills in entire the game.
 B = Kills by you in this place as a percentage of kills by you in the entire game.
 C = Kills by friends in this place as a percentage of kills by friends in the entire game.
 D = Other kills in this place as a percentage of other kills in the entire game.
 E = Experience gained in this place as a percentage of experience gained in the entire game.
 F = Experience gained in this place divided by the number of levels of this place that you have seen.
                   A       B       C       D       E      F
               +-------+-------+-------+-------+-------+----------------------
         Total | 100.0 | 100.0 |   N/A |   N/A | 100.0 |  70.0
       Dungeon | 100.0 | 100.0 |   N/A |   N/A | 100.0 |  70.0
               +-------+-------+-------+-------+-------+----------------------

Table legend: (Time is in decaauts)
 A = Elapsed time spent in this place.
 B = Non-inter-level travel time spent in this place.
 C = Inter-level travel time spent in this place.
 D = Time resting spent in this place.
 E = Time spent auto-exploring this place.
 F = Levels seen in this place.
 G = Mean time per level.
                   A        B        C        D        E       F      G
               +--------+--------+--------+--------+--------+-----+--------+
         Total |   2146 |   2092 |     54 |    240 |   1485 |   3 |  715.3 |
       Dungeon |   2146 |   2092 |     54 |    240 |   1485 |   3 |  715.3 |
               +--------+--------+--------+--------+--------+-----+--------+

Top non-repeatable levels by time:
     D:2: 822 daAuts
     D:1: 799 daAuts
     D:3: 524 daAuts
